 Dungeon Crawl Stone Soup version 0.22-a0-322-g60b3cfd402 (webtiles) character file.

907 MirrMurr the Ducker (level 7, 0/35 HPs)
             Began as a Spriggan Berserker on Apr 3, 2018.
             Was a Priest of Trog.
             Succumbed to an adder's poison
             ... on level 5 of the Dungeon.
             The game lasted 00:10:47 (4530 turns).

MirrMurr the Ducker (Spriggan Berserker)            Turns: 4530, Time: 00:10:48

Health: 0/35       AC:  2    Str: 15    XL:     7   Next: 81%
Magic:  8/8        EV: 23    Int:  8    God:    Trog [***...]
Gold:   189        SH:  0    Dex: 16    Spells: 6/6 levels left

rFire    + . .     SeeInvis +   a - +0 trident
rCold    + . .     Gourm    .   (shield currently unavailable)
rNeg     . . .     Faith    .   w - +0 robe (curse)
rPois    .         Spirit   .   (helmet restricted)
rElec    .         Reflect  .   g - scarf {rC+ rF+}
rCorr    .         Harm     .   (gloves unavailable)
MR       +....                  (boots unavailable)
Stlth    +++.......             (no amulet)
HPRegen  0.11/turn              (no ring)
MPRegen  0.11/turn              (no ring)

@: lethally poisoned (0 -> -5), very quick
A: very small, unfitting armour, see invisible, herbivore, speed 3, slow
metabolism 2
a: Berserk, Trog's Hand, Renounce Religion


You were on level 5 of the Dungeon.
You worshipped Trog.
Trog was most pleased with you.
You were not hungry.

You visited 1 branch of the dungeon, and saw 5 of its levels.

You collected 189 gold pieces.

Inventory:

Hand Weapons
 a - a +0 trident (weapon)
 b - a +0 hunting sling
 j - a +0 dagger
 k - a cursed -1 blowgun
Missiles
 e - 165 stones (quivered)
 m - 6 poisoned tomahawks
 o - 127 arrows
 q - 8 poisoned needles
 s - 19 bolts
 u - 3 tomahawks
Armour
 g - a scarf of resistance (worn)
 w - a cursed +0 robe (worn)
Jewellery
 d - an uncursed ring of wizardry {unknown}
 r - an uncursed ring of ice {unknown}
 v - an uncursed ring of positive energy {unknown}
Scrolls
 n - a scroll of teleportation
 p - a scroll of magic mapping
 t - a scroll of fear
 x - a scroll of remove curse
Potions
 f - a potion of brilliance {unknown}
 h - 4 potions of curing
 i - 3 potions of heal wounds {unknown}
 l - a potion of haste {unknown}
Comestibles
 c - 5 rations


   Skills:
 - Level 2.4 Fighting
 * Level 5.1 Polearms
 + Level 2.5 Slings
 + Level 7.5 Dodging
 + Level 6.4 Stealth


You had 6 spell levels left.
You didn't know any spells.

Dungeon Overview and Level Annotations

Branches:
Dungeon (5/15)
 Temple: D:4-7

Altars:
Hepliaklqana
Okawaru
Trog
Vehumet
Yredelemnul


Innate Abilities, Weirdness & Mutations

You are very small and have problems with some larger weapons.
You are too small for most types of armour.
You have supernaturally acute eyesight. (SInv)
You are a herbivore.
You cover ground extremely quickly.
You need to consume almost no food.


Message History

Press: ? - help, Dir - move target cursor, f - jelly
Aim: a jelly (resting)
You reach to attack!
The helpless jelly fails to defend itself.
You puncture the jelly!
The jelly is heavily wounded.
The adder hisses angrily.
You hit the jelly.
Your hands burn!
The jelly is severely wounded.
You hit the jelly.
Your hands burn!
The jelly is severely wounded.
The jelly hits you but does no damage. The jelly hits you.
You are splashed with acid!
The acid burns!
* * * LOW HITPOINT WARNING * * *
The adder bites you.
* * * LOW HITPOINT WARNING * * *
You are lethally poisoned!
The adder poisons you!
You are too injured to fight recklessly!
You die...

#.# ....##.# #.#
.......###### #.#
......#.....####.###
#...................
#...... ............ #....
............
###.####S##########.#.....
..!...J..@..$.............
.........######..##)#.....
###.###..# #..##.##.... #
#..######..##)#####.
#.............######
#.######............
##.###...............
.....................
..##........#####..#


You could see a jelly and an adder.

Vanquished Creatures
  Grinder (D:5)
  A sky beast (D:5)
  2 ogres (D:4)
  A centaur (D:5)
  A crimson imp (D:5)
  2 orc priests
  2 hounds
  An orc wizard (D:4)
  2 iguanas (D:4)
  A hound skeleton (D:5)
  3 adders
  A shadow imp (D:5)
  3 oozes
  A worm (D:2)
  A dart slug (D:2)
  4 leopard geckos
  18 orcs
  2 ball pythons
  3 giant cockroaches
  3 goblins
  5 hobgoblins
  8 jackals
  A kobold (D:2)
  5 bats
  6 frilled lizards
  A giant cockroach zombie (D:5)
  A leopard gecko skeleton (D:4)
  A quokka skeleton (D:4)
  7 rats
  A toadstool (D:1)
89 creatures vanquished.

Vanquished Creatures (others)
  3 toadstools (D:1)
3 creatures vanquished.

Grand Total: 92 creatures vanquished

Notes
Turn   | Place    | Note
-------+----------+-------------------------------------------
     0 | D:1      | MirrMurr the Spriggan Berserker began the quest for the Orb.
     0 | D:1      | Reached XP level 1. HP: 11/11 MP: 2/2
    78 | D:1      | Reached skill level 1 in Stealth
    93 | D:1      | Reached XP level 2. HP: 16/16 MP: 3/3
   340 | D:1      | Reached ** piety under Trog
   693 | D:2      | Found a basalt altar of Yredelemnul.
   693 | D:2      | Found a bloodstained altar of Trog.
   693 | D:2      | Found a radiant altar of Vehumet.
   693 | D:2      | Found an iron altar of Okawaru.
   693 | D:2      | Found a hazy altar of Hepliaklqana.
   727 | D:2      | Reached XP level 3. HP: 19/19 MP: 4/4
   753 | D:2      | Reached skill level 5 in Dodging
  1323 | D:3      | Reached XP level 4. HP: 23/23 MP: 5/5
  2430 | D:4      | Reached XP level 5. HP: 16/27 MP: 6/6
  2435 | D:4      | Noticed an ogre
  2686 | D:4      | Killed an ogre
  2686 | D:4      | Reached skill level 6 in Dodging
  2797 | D:4      | Reached XP level 6. HP: 29/32 MP: 7/7
  2877 | D:4      | Reached skill level 5 in Stealth
  2882 | D:4      | Reached *** piety under Trog
  3151 | D:4      | HP: 2/48 [orc (4)]
  3534 | D:5      | Entered Level 5 of the Dungeon
  3535 | D:5      | Noticed Grinder
  3536 | D:5      | Paralysed by Grinder for 5 turns
  3553 | D:5      | Killed Grinder
  3553 | D:5      | Reached skill level 1 in Slings
  3553 | D:5      | Reached skill level 7 in Dodging
  3553 | D:5      | Reached XP level 7. HP: 35/35 MP: 8/8
  4029 | D:5      | HP: 1/52 [centaur (4)]
  4368 | D:5      | Reached skill level 5 in Polearms
  4529 | D:5      | HP: 1/35 [adder (1)]
  4530 | D:5      | Succumbed to an adder's poison

Vault maps used:
D:1:      ldierk_water_garden
D:2:      grunt_temple_overflow_open, first_ration
D:5:      gup_sewer_entry_glass, tso_metal_star, uniq_grinder

Skill      XL: |  1  2  3  4  5  6  7 |
---------------+----------------------+-----
Stealth        | 1 2 3 4 5 6 |  6.4
Dodging        | 5 6 7 |  7.5
Polearms       | 3 4 5 |  5.1
Slings         | 1 2 |  2.5
Fighting       | |  2.4

Action                   |  1- 3 |  4- 6 |  7- 9 || total
-------------------------+-------+-------+-------++-------
Melee: Spear             |   140 |   211 |       ||   351
       Trident           |       |     9 |    88 ||    97
 Fire: Hunting sling     |       |     1 |     6 ||     7
Invok: Berserk           |     1 |     4 |     1 ||     6
       Trog's Hand       |       |     2 |       ||     2
  Use: Scroll            |     5 |     4 |       ||     9
 Stab: Sleeping          |     3 |    10 |     6 ||    19
       Distracted        |       |       |     1 ||     1
  Eat: Ration            |       |     3 |     2 ||     5
Armor: Animal skin       |     8 |    15 |       ||    23
       Robe              |       |       |     6 ||     6
Dodge: Dodged            |    88 |   150 |    68 ||   306

Table legend:
 A = Spawn XP
 B = Non-spawn XP
 C = Spawn XP percentage of total XP
 D = Spawn monster count
 E = Non-spawn monster count
 F = Spawn count percentage of total count
 G = Total turns spent on level
                    A         B        C        D         E        F      G
               +---------+---------+-------+---------+---------+-------+---------
         Total |       0 |    1296 |   0.0 |       0 |      88 |   0.0 |  4530
               +---------+---------+-------+---------+---------+-------+---------
           D:1 |       0 |      39 |   0.0 |       0 |      21 |   0.0 |   693
           D:2 |       0 |      28 |   0.0 |       0 |       7 |   0.0 |   509
           D:3 |       0 |      88 |   0.0 |       0 |      18 |   0.0 |  1410
           D:4 |       0 |     479 |   0.0 |       0 |      25 |   0.0 |  1477
           D:5 |       0 |     662 |   0.0 |       0 |      17 |   0.0 |   441
               +---------+---------+-------+---------+---------+-------+---------
